 Dungeon Crawl Stone Soup version 0.22-a0-439-gac93bac (webtiles) character file.

164017 iamserjio the Severer (level 17, -6/93 HPs)
             Began as a Vine Stalker Fighter on May 29, 2018.
             Was the Champion of Trog.
             Killed from afar by a shock serpent (11 damage)
             ... with a bolt of electricity
             ... on level 4 of the Snake Pit.
             The game lasted 01:29:52 (24821 turns).

iamserjio the Severer (Vine Stalker Fighter)       Turns: 24821, Time: 01:29:53

Health: -6/93      AC: 24    Str: 29    XL:     17   Next: 84%
Magic:  0/32       EV:  8    Int:  4    God:    Trog [******]
Gold:   251        SH: 24    Dex: 20    Spells: 16/16 levels left

rFire    x . .     SeeInvis .   S - +10 broad axe of the Iron City of Dis {vamp, MR+ Dex+4}
rCold    + + .     Gourm    .   e - +2 large shield
rNeg     + + .     Faith    +   a - +1 ice dragon scales of Liberty {rF- rC++ rN++ Str+5 Int-2}
rPois    +         Spirit   +   N - +2 helmet
rElec    .         Reflect  .   h - +1 cloak {+Inv}
rCorr    .         Harm     .   P - +1 pair of gloves {archery}
MR       ++++.                  (no boots)
Stlth    ..........             B - amulet of faith
HPRegen  1.05/turn              u - ring of magical power
MPRegen  0.23/turn              m - ring of poison resistance

@: lethally poisoned (-6 -> -6), very slightly contaminated, hasted, very quick
A: fangs 3, dopey 1, magic resistance 1, regeneration 2, magic shield, antimagic
bite, no potion heal 3, rot immunity, subdued magic 1
a: Berserk, Trog's Hand, Brothers in Arms, Renounce Religion, Evoke Invisibility


You were on level 4 of the Snake Pit.
You worshipped Trog.
Trog was exalted by your worship.
You were near starving.

You visited 5 branches of the dungeon, and saw 26 of its levels.
You also visited: Labyrinth and Ice Cave.

You collected 2907 gold pieces.
You spent 2656 gold pieces at shops.

Inventory:

Hand Weapons
 K - a +1 morningstar of protection
 O - a +6 broad axe of chopping
 S - the +10 broad axe of the Iron City of Dis (weapon) {vamp, MR+ Dex+4}
   (Trog gifted it to you on level 6 of the Lair of Beasts)

   It inflicts no extra harm, but heals its wielder when it wounds a living foe.
   It affects your dexterity (+4).
   It affects your resistance to hostile enchantments.
Missiles
 G - 3 throwing nets (quivered)
 R - 8 javelins of returning
 V - 7 poisoned javelins
Armour
 a - the +1 ice dragon scales of Liberty (worn) {rF- rC++ rN++ Str+5 Int-2}
   (You found it in an ice cave)

   It affects your strength (+5).
   It affects your intelligence (-2).
   It makes you vulnerable to fire.
   It greatly protects you from cold.
   It greatly protects you from negative energy.
 e - a +2 large shield (worn)
 h - a +1 cloak of invisibility (worn)
 x - the cursed +0 plate armour of Pitudd {rElec rPois rC+++ MR-}
   (You found it on level 1 of the Snake Pit)

   It renders you almost immune to cold.
   It insulates you from electricity.
   It protects you from poison.
   It affects your resistance to hostile enchantments.
   It has a curse placed upon it.
 N - a +2 helmet (worn)
 P - a +1 pair of gloves of archery (worn)
Jewellery
 m - a ring of poison resistance (right hand)
 u - a ring of magical power (left hand)
 w - an uncursed ring of positive energy
 B - an amulet of faith (around neck)
 F - an uncursed ring of resist corrosion
 J - an uncursed ring of fire
 U - an uncursed ring of protection from cold
 Z - an uncursed ring of see invisible
Wands
 r - a wand of paralysis (43)
 t - a wand of digging (26)
 H - a wand of clouds (5)
 L - a wand of disintegration (22)
 Q - a wand of iceblast (28)
Scrolls
 i - 14 scrolls of teleportation
 k - a scroll of fog
 v - 2 scrolls of vulnerability
 y - a scroll of magic mapping
 C - 4 scrolls of fear
 D - a scroll of identify
 I - 12 scrolls of remove curse
 M - 2 scrolls of silence
Potions
 d - 2 potions of invisibility
 g - 9 potions of curing
 j - 4 potions of agility
 l - 4 potions of berserk rage
 n - 4 potions of heal wounds
 p - a potion of cancellation
 q - 2 potions of resistance
 s - 3 potions of ambrosia
 T - 4 potions of mutation
 W - 2 potions of magic
 Y - 2 potions of flight
Miscellaneous
 X - a crystal ball of energy
Comestibles
 f - 44 rations


   Skills:
 - Level 12.0 Fighting
 * Level 16.8 Axes
 + Level 13.7 Armour
 + Level 14.3 Shields
 - Level 7.0 Evocations


You had 16 spell levels left.
You didn't know any spells.
Your spell library was empty.

Dungeon Overview and Level Annotations

Branches:
Dungeon (13/15)            Temple (1/1) D:4            Lair (6/6) D:8
  Swamp (0/4) Lair:2        Snake (4/4) Lair:4        Slime (0/5) Lair:5
    Orc (2/2) D:11            Elf (0/3) Orc:2        Vaults (0/5) D:13

Altars:
Cheibriados
Dithmenos
Fedhas
Kikubaaqudgha
Makhleb
Nemelex Xobeh
Okawaru
Qazlal
Ru
Sif Muna
Trog
Uskayaw
Wu Jian
Xom
Yredelemnul
Zin
The Shining One

Shops:
D:6 (   Orc:1 :   Orc:2 ?=!(   Snake:1 :[(**   Snake:2 **[   Snake:4 %}

Portals:
Trove: D:11 (give +3 storm dragon scales)


Innate Abilities, Weirdness & Mutations

You have razor-sharp teeth.
You heal very quickly.
When hurt, damage is shared between your health and your magic reserves.
Your bite disrupts and absorbs the magic of your enemies.
Potions cannot restore your health.
You are immune to rotting.
You are dopey. (Int -2)
You are resistant to hostile enchantments. (MR+)
Your spells are a little easier to cast, but a little less powerful.


Message History

Items here: ))) [[ †
There is a large open door, spattered with blood here.
You feel sick.
The shock serpent shoots out a bolt of lightning at you!
The bolt of electricity hits you!
* * * LOW HITPOINT WARNING * * *
The bolt of electricity hits you!
* * * LOW HITPOINT WARNING * * *
Items here: ) [ †† a flail; a robe; a black mamba corpse; a naga corpse Blink to where?
Press: ? - help, Dir - move target cursor You are very lightly contaminated with residual magic.
As you read the scroll of blinking, it crumbles to dust.
You feel sick.
You feel yourself speed up.
You feel sick.
You feel sick.
The shock serpent shoots out a bolt of lightning at you!
The bolt of electricity hits you!
You die...

###.#.......#.......##.....#
#....####.^....#..........
####.....#####......#.....
#####..# #####..#..... #.#.#
#...#.... #.##.# ##......(
##..##.# ##...#.# #...# #.##
#.#..... #..@##
#.###.##..... #....# ##.#.#
##...# ####.# ##)# #####
#.####)## # #.S..)####### #
##...#)S.....## #
##....###''##..####
#..#####))..##.....
##.#..##N)....##....


You could see a shock serpent.

Vanquished Creatures
  Vashnia (Snake:2)
  Nikola (Snake:4)
  Asterion (Snake:2)
  Frances (D:13)
  Agnes (Snake:2)
  Roxanne (Snake:3)
  Kirke (Lair:5)
  4 nagarajas
  An orc warlord (Orc:1)
  Aizul (Snake:1)
  The ghost of Jynxie the Earth Mage, a journeyman DrEE of Vehumet (Lair:4)
  Nessos (D:12)
  2 green deaths (Snake:2)
  A fire dragon (Lair:6)
  A vault guard (D:13)
  16 naga warriors
  3 hydras
  6 anacondas
  A catoblepas (Lair:4)
  The ghost of Nib the Blocker, a novice DDFi of Makhleb (D:9)
  A satyr (shapeshifter) (D:9)
  Erica (Lair:1)
  2 centaur warriors
  An alligator (Lair:6)
  4 ogre magi (Orc:2)
  22 two-headed ogres
  The ghost of galech the Basher, a novice OgBe of Trog (D:8)
  Urug (Lair:2)
  8 naga sharpshooters
  6 shock serpents
  2 unseen horrors
  2 salamander mystics
  A swamp dragon (Lair:6)
  8 naga ritualists
  3 wizards (D:13)
  A necromancer (D:13)
  6 mana vipers
  2 wolf spider zombies (D:13)
  An orc knight (Orc:2)
  An orc sorcerer (D:11)
  A deep elf mage (D:10)
  7 salamanders
  A cyclops (D:13)
  2 manticores
  4 ugly things
  An ice statue (IceCv)
  24 black mambas
  A centaur zombie (D:12)
  5 guardian serpents
  10 elephants
  20 naga magi
  10 spiny frogs
  4 large abominations (D:13)
  2 rime drakes
  6 komodo dragons
  A yaktaur (D:9)
  A tengu conjurer (D:9)
  The ghost of Nib the Shield-Bearer, an amateur DDFi (D:4)
  12 polar bears
  A troll (D:12)
  7 blink frogs
  A raiju (Lair:6)
  8 slime creatures (D:12)
  7 hippogriffs
  A meliai zombie (D:13)
  A dream sheep (Lair:6)
  3 water elementals (D:11)
  A spriggan (shapeshifter) (D:9)
  5 wyverns
  5 hogs (Lair:5)
  20 humans (D:13)
  27 yaks
  A hungry ghost (D:10)
  3 vampire mosquitoes (D:13)
  A basilisk (Lair:5)
  8 wargs
  4 steam dragons
  4 swamp worms (Lair:2)
  2 soldier ants
  7 small abominations
  4 acid dragons (Lair:6)
  43 nagas
  7 porcupines
  14 hell hounds (Lair:6)
  20 ice beasts
  10 water moccasins
  19 orc warriors
  11 black bears (Lair:6)
  2 eyes of draining
  A swamp drake (Lair:6)
  3 sky beasts
  27 wolves
  3 necrophages
  A phantom (D:13)
  3 centaurs
  11 crocodiles
  28 ogres
  16 bullfrogs
  10 scorpions
  9 killer bees
  3 wights (D:9)
  2 howler monkeys (D:6)
  3 electric eels
  10 crimson imps
  A quasit (D:10)
  2 bullfrog zombies
  3 centaur skeletons (D:9)
  5 hounds
  7 jellies
  2 bullfrog skeletons
  12 orc priests
  9 orc wizards
  Terence (D:2)
  3 iguanas
  14 worker ants
  A hound zombie (D:7)
  3 hound skeletons
  11 adders
  3 gnolls (D:5)
  A howler monkey skeleton (D:11)
  7 shadow imps
  A worker ant simulacrum (D:11)
  3 ufetubi (D:11)
  An ooze (Lair:5)
  An adder skeleton (D:9)
  An adder zombie (D:10)
  3 dart slugs (D:2)
  5 leopard geckos
  61 orcs
  7 giant cockroaches
  6 goblins
  7 hobgoblins
  10 jackals
  5 quokkas
  2 ball pythons
  15 bats
  7 frilled lizards
  A jackal skeleton (D:8)
  7 kobolds
  A quokka skeleton (D:4)
  8 rats
  3 butterflies (D:7)
  5 fungi
  4 plants (Lair:6)
859 creatures vanquished.

Vanquished Creatures (collateral kills)
  A minotaur (Lab)
  4 hydras
  3 elephants (Lair:4)
  2 ice statues (IceCv)
  A naga mage (Snake:2)
  A polar bear (Lair:4)
  A water moccasin (Lair:4)
  A wolf (Lair:4)
14 creatures vanquished.

Vanquished Creatures (others)
  2 black mambas
  A troll (Orc:1)
  A sky beast (D:10)
  An iguana (Lair:6)
  2 orcs (D:10)
  8 fungi
  20 plants
35 creatures vanquished.

Grand Total: 908 creatures vanquished

Notes
Turn   | Place    | Note
-------+----------+-------------------------------------------
     0 | D:1      | iamserjio the Vine Stalker Fighter began the quest for the Orb.
     0 | D:1      | Reached XP level 1. HP: 11/11 MP: 2/2
   145 | D:1      | Reached skill level 2 in Axes
   151 | D:1      | Reached XP level 2. HP: 4/16 MP: 1/3
   661 | D:1      | Reached XP level 3. HP: 19/19 MP: 4/4
  1433 | D:2      | Gained mutation: Your natural rate of healing is unusually fast. [Vine Stalker growth]
  1433 | D:2      | Reached XP level 4. HP: 24/24 MP: 5/5
  1434 | D:2      | Noticed Terence
  1439 | D:2      | Killed Terence
  1526 | D:2      | Reached skill level 3 in Axes
  1841 | D:3      | Reached XP level 5. HP: 28/28 MP: 6/6
  2637 | D:4      | Noticed Nib's ghost (amateur DDFi)
  3014 | D:4      | Reached XP level 6. HP: 32/32 MP: 7/7
  3066 | D:4      | Found a staircase to the Ecumenical Temple.
  3091 | Temple   | Entered the Ecumenical Temple
  3097 | Temple   | Became a worshipper of Trog the Wrathful
  3182 | D:4      | Reached skill level 4 in Axes
  3310 | D:4      | Killed Nib's ghost
  3310 | D:4      | Reached XP level 7. HP: 22/37 MP: 5/8
  3497 | D:5      | Entered Level 5 of the Dungeon
  3642 | D:5      | Reached skill level 5 in Axes
  3898 | D:5      | Gained mutation: You have razor-sharp teeth. [Vine Stalker growth]
  3898 | D:5      | Reached XP level 8. HP: 35/42 MP: 7/9
  3921 | D:5      | Found a shadowy altar of Dithmenos.
  4523 | D:6      | Reached * piety under Trog
  4524 | D:6      | Reached skill level 6 in Axes
  4644 | D:6      | Reached skill level 5 in Fighting
  4644 | D:6      | Reached skill level 5 in Shields
  4684 | D:6      | Found Emacut Bycu's Weapon Boutique.
  5141 | D:7      | Reached XP level 9. HP: 47/47 MP: 10/10
  5182 | D:7      | Reached skill level 5 in Armour
  5225 | D:7      | Found a runed door.
  5495 | D:7      | Found a runed door.
  5600 | D:7      | Reached ** piety under Trog
  5606 | D:7      | Reached skill level 7 in Axes
  5715 | D:8      | Found a staircase to the Lair.
  5734 | D:8      | Noticed galech's ghost (novice OgBe)
  5749 | D:8      | Killed galech's ghost
  5810 | D:8      | Reached XP level 10. HP: 38/53 MP: 11/11
  6094 | D:8      | Reached skill level 8 in Axes
  6212 | D:8      | Noticed a two-headed ogre
  6287 | D:8      | Killed a two-headed ogre
  6528 | D:9      | Reached *** piety under Trog
  6681 | D:9      | Noticed an orb spider
  6700 | D:9      | Noticed a guardian serpent
  6700 | D:9      | an orb spider changed into a guardian serpent
  6703 | D:9      | Noticed Nib's ghost (novice DDFi)
  6821 | D:9      | Killed Nib's ghost
  6821 | D:9      | Reached skill level 9 in Axes
  7107 | D:9      | Noticed an entropy weaver
  7112 | D:9      | Noticed a satyr
  7112 | D:9      | an entropy weaver changed into a satyr
  7121 | D:9      | Killed a satyr
  7121 | D:9      | Reached XP level 11. HP: 58/58 MP: 12/12
  7147 | D:9      | Reached **** piety under Trog
  7224 | D:9      | Identified the Papyrus of Venom
  7366 | D:10     | Entered Level 10 of the Dungeon
  7471 | D:10     | Killed an unseen horror
  7599 | D:10     | Noticed a two-headed ogre
  7613 | D:10     | Killed a two-headed ogre
  7952 | D:10     | Noticed a deep elf mage
  7963 | D:10     | Killed a deep elf mage
  7963 | D:10     | Reached skill level 10 in Axes
  8166 | D:11     | Found a frozen archway.
  8192 | IceCv    | Entered an ice cave
  8208 | IceCv    | Reached ***** piety under Trog
  8227 | IceCv    | Noticed a white ugly thing
  8246 | IceCv    | Killed a white ugly thing
  8526 | IceCv    | Noticed a white ugly thing
  8535 | IceCv    | Killed a white ugly thing
  8548 | IceCv    | Got distressingly furry ice dragon scales
  8606 | D:11     | Identified the cursed +1 ice dragon scales of Liberty {rF- rC++ rN++ Str+5 Int-2} (You found it in an ice cave)
  8706 | D:11     | Gained mutation: You heal very quickly. [Vine Stalker growth]
  8706 | D:11     | Reached XP level 12. HP: 63/64 MP: 13/13
  8754 | D:11     | Noticed a two-headed ogre
  8760 | D:11     | Killed a two-headed ogre
  8967 | D:11     | Found a staircase to the Orcish Mines.
  9077 | D:11     | Noticed a two-headed ogre
  9084 | D:11     | Killed a two-headed ogre
  9232 | D:11     | Reached skill level 11 in Axes
  9354 | D:11     | Found a portal to a secret trove of treasure.
 10369 | D:12     | Noticed Nessos
 10385 | D:12     | Killed Nessos
 10385 | D:12     | Reached skill level 10 in Armour
 10392 | D:12     | Noticed a centaur warrior
 10407 | D:12     | Killed a centaur warrior
 10717 | D:12     | Received a gift from Trog
 11006 | D:13     | Noticed Frances
 11030 | D:13     | Killed Frances
 11030 | D:13     | Reached skill level 1 in Evocations
 11030 | D:13     | Reached XP level 13. HP: 43/70 MP: 8/15
 11643 | D:13     | Reached skill level 12 in Axes
 11704 | D:13     | Received a gift from Trog
 11723 | D:13     | Got a jewelled halberd {god gift}
 11886 | D:13     | Found a gate to the Vaults.
 11886 | D:13     | Noticed a vault guard
 11910 | D:13     | Killed a vault guard
 11936 | D:13     | Identified the +5 halberd "Finloaze" {drain, *Corrode rElec rC+++ Dex+2} (Trog gifted it to you on level 13 of the Dungeon)
 12811 | Orc:1    | Entered Level 1 of the Orcish Mines
 12989 | Orc:1    | Found Ominguts's Book Emporium.
 13097 | Orc:1    | Noticed an orc warlord
 13138 | Orc:1    | Killed an orc warlord
 13470 | Orc:2    | Entered Level 2 of the Orcish Mines
 13483 | Orc:2    | Reached XP level 14. HP: 75/75 MP: 18/18
 13483 | Orc:2    | Received a gift from Trog
 13632 | Orc:2    | Found a staircase to the Elven Halls.
 13795 | Orc:2    | Found Vusucel's Magic Scroll Shop.
 13795 | Orc:2    | Found Irhoeqod's Distillery.
 13795 | Orc:2    | Found Miacost's Jewellery Shoppe.
 13795 | Orc:2    | Found Daet's Antique Weapon Boutique.
 13804 | Orc:2    | Reached skill level 5 in Evocations
 13881 | Orc:2    | Reached skill level 13 in Axes
 14162 | Orc:2    | Reached skill level 10 in Fighting
 14544 | Orc:2    | Bought a glowing broad axe for 203 gold pieces
 14548 | Orc:2    | Bought a scroll of blinking for 97 gold pieces
 14548 | Orc:2    | Bought a scroll of enchant weapon for 97 gold pieces
 14595 | Orc:1    | Bought a manual of Shields for 1545 gold pieces
 14697 | Lair:1   | Entered Level 1 of the Lair of Beasts
 14713 | Lair:1   | Reached skill level 10 in Shields
 14828 | Lair:1   | Reached ****** piety under Trog
 14937 | Lair:1   | Noticed Erica
 14979 | Lair:1   | Killed Erica
 15473 | Lair:2   | Received a gift from Trog
 15596 | Lair:2   | Noticed Urug
 15611 | Lair:2   | Killed Urug
 15727 | Lair:2   | Reached XP level 15. HP: 75/80 MP: 19/19
 15934 | Lair:2   | Found a staircase to the Swamp.
 17238 | Lair:4   | Found a labyrinth entrance.
 17247 | Lab      | Entered a labyrinth
 17858 | Lab      | Reached skill level 14 in Axes
 17899 | Lab      | Identified the Collected Works on the Voyage
 17912 | Lab      | Got spiked swamp dragon scales
 18013 | Lair:4   | Found a staircase to the Snake Pit.
 18023 | Lair:4   | Noticed Jynxie's ghost (journeyman DrEE)
 18037 | Lair:4   | Killed Jynxie's ghost
 18516 | Lair:5   | Noticed Kirke
 18521 | Lair:5   | Received a gift from Trog
 18531 | Lair:5   | Killed Kirke
 18559 | Lair:5   | Identified the cursed +1 swamp dragon scales of the Wasteland {rPois SInv} (You found it in a labyrinth)
 18587 | Lair:5   | Found a staircase to the Slime Pits.
 19308 | Lair:6   | Entered Level 6 of the Lair of Beasts
 19719 | Lair:6   | Received a gift from Trog
 19812 | Lair:6   | Gained mutation: Your spells are a little easier to cast, but a little less powerful. [potion of mutation]
 19812 | Lair:6   | Gained mutation: You are dopey. (Int -2) [potion of mutation]
 19812 | Lair:6   | Gained mutation: You are resistant to hostile enchantments. (MR+) [potion of mutation]
 19935 | Lair:6   | Received a gift from Trog
 19939 | Lair:6   | Got a crude broad axe {god gift}
 19944 | Lair:6   | Identified the +10 broad axe of the Iron City of Dis {vamp, MR+ Dex+4} (Trog gifted it to you on level 6 of the Lair of Beasts)
 20179 | Lair:6   | Reached XP level 16. HP: 28/87 MP: 3/20
 20963 | Snake:1  | Entered Level 1 of the Snake Pit
 20965 | Snake:1  | Found Fockideh's Assorted Antiques.
 20980 | Snake:1  | Bought a scroll of identify for 58 gold pieces
 20980 | Snake:1  | Bought a scroll of fear for 101 gold pieces
 20980 | Snake:1  | Bought a sapphire potion for 26 gold pieces
 20981 | Snake:1  | Bought a scroll of identify for 58 gold pieces
 21096 | Snake:1  | Reached skill level 15 in Axes
 21131 | Snake:1  | Found Muagien's Antique Weapon Boutique.
 21187 | Snake:1  | Found Coosych's Assorted Antiques.
 21191 | Snake:1  | Bought a scroll of identify for 56 gold pieces
 21191 | Snake:1  | Bought a pair of runed gloves for 210 gold pieces
 21191 | Snake:1  | Bought a scroll of identify for 56 gold pieces
 21276 | Snake:1  | Found Efil's Book Emporium.
 21281 | Snake:1  | Got a distressingly furry plate armour
 21283 | Snake:1  | Noticed Aizul
 21309 | Snake:1  | Killed Aizul
 21493 | Snake:1  | Found Paneeth's Armour Boutique.
 21565 | Snake:1  | Identified the cursed +0 plate armour of Pitudd {rElec rPois rC+++ MR-} (You found it on level 1 of the Snake Pit)
 21566 | Snake:1  | Identified a scroll of acquirement
 22055 | Snake:2  | Found Neatsiam's Assorted Antiques.
 22085 | Snake:2  | Found Vuorroill's Armour Shop.
 22089 | Snake:2  | Bought a +0 cloak of invisibility for 149 gold pieces
 22184 | Snake:2  | Noticed Agnes
 22185 | Snake:2  | Found a runed door.
 22204 | Snake:2  | Killed Agnes
 22220 | Snake:2  | Received a gift from Trog
 22416 | Snake:2  | Found Palyt's Assorted Antiques.
 22557 | Snake:2  | Noticed Asterion
 22566 | Snake:2  | Killed Asterion
 22720 | Snake:3  | Noticed Vashnia
 22884 | Snake:2  | Killed Vashnia
 22986 | Snake:3  | Noticed a nagaraja
 22999 | Snake:3  | Killed a nagaraja
 22999 | Snake:3  | Received a gift from Trog
 23094 | Snake:3  | Reached XP level 17. HP: 93/93 MP: 23/23
 23577 | Snake:3  | Reached skill level 16 in Axes
 23596 | Snake:3  | Noticed Roxanne
 23619 | Snake:3  | Killed Roxanne
 23897 | Snake:4  | Entered Level 4 of the Snake Pit
 23906 | Snake:4  | HP: 2/93 [shock serpent/bolt of electricity (22)]
 24127 | Snake:4  | Noticed Nikola
 24146 | Snake:4  | Killed Nikola
 24195 | Snake:4  | Found Noess's Gadget Boutique.
 24199 | Snake:4  | Found Ekoazosk's Food Boutique.
 24288 | Snake:4  | Received a gift from Trog
 24816 | Snake:4  | HP: 3/93 [shock serpent/bolt of electricity (8)]
 24821 | Snake:4  | Killed from afar by a shock serpent

Vault maps used:
D:1:      tarquinn_simple_flora_water_b
D:2:      uniq_terence
D:3:      first_ration
D:4:      minmay_temple_entry_enclosed_plants
D:5:      marbit_many_paths
D:6:      serial_shops, nicolae_shop_trees, minmay_tree_intersection
D:7:      lemuel_insect_pit, serial_park_tiny_1, mrwooster_statue_mirror
D:8:      lair_entry_dummy
D:9:      minmay_the_grid_triangle_9x9_rhombus_thin_mashed
D:10:     minmay_liquid_box, hangedman_stone_soup
D:11:     orc_david_3, serial_ice, serial_ice_c, serial_ice_n, serial_ice_j,
          serial_ice_a, portal_ice_cave_entry_ice_beasts,
          nicolae_trove_entry_free_sample, minivault_27
D:12:     uniq_nessos
D:13:     grunt_vaults_entry_tiered, kennysheep_cross_room, laboratory,
          uniq_frances
Temple:   dpeg_three_leaves_temple
Lair:1:   infiniplex_staircase_pool_2, serial_bayou_shore_a, uniq_erica
Lair:2:   nicolae_swamp_entry_splash_gauntlet, uniq_urug
Lair:4:   dummy_snake_entry, lab_entry_generic, st_stairs_3
Lair:5:   nicolae_slime_entry_slimehenge, nicolae_quartered_pool_super,
          uniq_kirke
Lair:6:   hangedman_lair_caniforms_friends, guppyfry_lair_end_dragon,
          lemuel_fruit_tree, serial_bayou_shore_b
Snake:1:  serial_shops, shop, shop, shop, nicolae_shop_crystal, shop, uniq_aizul
Snake:2:  cheibrodos_toxic_ritual, serial_shops, nicolae_shop_trees,
          nicolae_shop_behind_doors, shop, uniq_agnes, uniq_asterion
Snake:3:  uniq_vashnia, uniq_roxanne
Snake:4:  johnstein_snake_rune_scales, minmay_shop_star, uniq_nikola
Orc:1:    serial_shops, nicolae_shop_waterfront
Orc:2:    st_orc_ogre_mass, lemuel_statue_altar
Lab:      nicolae_lab_dead_adventurers, labyrinth_glass_1
IceCv:    ice_cave_statue_garden_chambered

Skill      XL: |  1  2  3  4  5  6  7  8  9 10 11 12 13 14 15 16 17 |
---------------+----------------------------------------------------+-----
Axes           | 2 3 4 5 6 7 9 10 11 12 13 14 15 16 | 16.8
Fighting       | 3 4 5 6 7 8 9 10 11 12 | 12.0
Shields        | 3 4 5 6 7 8 9 10 12 13 14 | 14.3
Armour         | 3 4 6 7 9 10 11 12 13 | 13.7
Evocations     | 1 4 5 6 7 |  7.0

Action                   |  1- 3 |  4- 6 |  7- 9 | 10-12 | 13-15 | 16-18 || total
-------------------------+-------+-------+-------+-------+-------+-------++-------
Melee: War axe           |   101 |   106 |   201 |   592 |   501 |       ||  1501
       Bite              |    23 |    34 |    58 |   233 |   453 |   299 ||  1100
       Broad axe         |       |       |       |       |   559 |   621 ||  1180
       Flail             |       |       |       |       |     8 |       ||     8
       Morningstar       |       |       |       |       |     3 |       ||     3
Throw: Tomahawk          |       |       |       |     2 |       |       ||     2
       Throwing net      |       |       |       |     1 |       |       ||     1
Invok: Berserk           |       |       |     1 |     6 |     7 |     4 ||    18
       Trog's Hand       |       |       |       |     1 |     8 |       ||     9
       Brothers in Arms  |       |       |       |     1 |     4 |     2 ||     7
 Abil: Evoke Invisibilit |       |       |       |       |       |     1 ||     1
Evoke: Wand              |       |       |       |     9 |    16 |     7 ||    32
       Sack of spiders   |       |       |       |       |     1 |       ||     1
  Use: Potion            |     1 |       |       |       |     2 |     4 ||     7
       Scroll            |       |     6 |     6 |    15 |    14 |    13 ||    54
 Stab: Paralysed         |       |       |       |     5 |       |       ||     5
       Distracted        |       |       |       |       |     1 |     1 ||     2
       Invisible         |       |       |       |       |       |     4 ||     4
  Eat: Chunk             |     1 |     6 |    10 |    13 |    17 |    12 ||    59
       Ration            |       |       |       |     3 |     9 |     2 ||    14
Armor: Scale mail        |    48 |    48 |    61 |       |       |       ||   157
       Plate armour      |       |       |    49 |   226 |       |       ||   275
       Ice dragon scales |       |       |       |   128 |   488 |   146 ||   762
Dodge: Dodged            |    39 |    19 |    67 |   113 |   306 |    76 ||   620
Block: Shield            |    50 |    60 |   105 |   351 |   681 |    17 ||  1264
       Large shield      |       |       |       |       |       |   582 ||   582

Table legend:
 A = Spawn XP
 B = Non-spawn XP
 C = Spawn XP percentage of total XP
 D = Spawn monster count
 E = Non-spawn monster count
 F = Spawn count percentage of total count
 G = Total turns spent on level
                    A         B        C        D         E        F      G
               +---------+---------+-------+---------+---------+-------+---------
         Total |       0 |  234311 |   0.0 |       0 |     864 |   0.0 | 24821
               +---------+---------+-------+---------+---------+-------+---------
           D:1 |       0 |      44 |   0.0 |       0 |      31 |   0.0 |   998
           D:2 |       0 |     110 |   0.0 |       0 |      22 |   0.0 |   729
           D:3 |       0 |      21 |   0.0 |       0 |      13 |   0.0 |   988
           D:4 |       0 |     614 |   0.0 |       0 |      18 |   0.0 |   769
           D:5 |       0 |     547 |   0.0 |       0 |      14 |   0.0 |   817
           D:6 |       0 |     852 |   0.0 |       0 |      22 |   0.0 |   622
           D:7 |       0 |    1007 |   0.0 |       0 |      27 |   0.0 |   724
           D:8 |       0 |    2798 |   0.0 |       0 |      23 |   0.0 |   819
           D:9 |       0 |    4370 |   0.0 |       0 |      33 |   0.0 |   999
          D:10 |       0 |    3861 |   0.0 |       0 |      33 |   0.0 |   747
          D:11 |       0 |    8101 |   0.0 |       0 |      37 |   0.0 |  1644
          D:12 |       0 |    7683 |   0.0 |       0 |      43 |   0.0 |  1118
          D:13 |       0 |   17200 |   0.0 |       0 |      64 |   0.0 |  1651
        Lair:1 |       0 |    4263 |   0.0 |       0 |      18 |   0.0 |   716
        Lair:2 |       0 |    7752 |   0.0 |       0 |      36 |   0.0 |  1074
        Lair:3 |       0 |    1888 |   0.0 |       0 |       8 |   0.0 |   675
        Lair:4 |       0 |   11110 |   0.0 |       0 |      31 |   0.0 |   715
        Lair:5 |       0 |    7929 |   0.0 |       0 |      32 |   0.0 |   912
        Lair:6 |       0 |   22699 |   0.0 |       0 |      95 |   0.0 |  1506
       Snake:1 |       0 |   11944 |   0.0 |       0 |      20 |   0.0 |  1032
       Snake:2 |       0 |   28218 |   0.0 |       0 |      37 |   0.0 |   903
       Snake:3 |       0 |   25592 |   0.0 |       0 |      48 |   0.0 |  1132
       Snake:4 |       0 |   35291 |   0.0 |       0 |      57 |   0.0 |   791
         Orc:1 |       0 |    4168 |   0.0 |       0 |      36 |   0.0 |   640
         Orc:2 |       0 |   22980 |   0.0 |       0 |      54 |   0.0 |  1016
           Lab |       0 |     608 |   0.0 |       0 |       1 |   0.0 |   668
         IceCv |       0 |    2661 |   0.0 |       0 |      11 |   0.0 |   403
               +---------+---------+-------+---------+---------+-------+---------
